Jets vs Senators

Created - January 20, 2024 at 22:00

Goals
1 2 3 T
Jets 1 1 2 4
Senators 0 4 1 5
Shots
1 2 3 T
Jets 11 12 9 32
Senators 6 8 11 25

1st period

1. Jets , Josh Bailey 2 (William Nylander 23, Jack Eichel 19) at 12:16 (PP)

Penalties :
Arber Xhekaj (WIN) for Interference (Minor) at 7:32, Will Butcher (OTT) for Slashing (Minor) at 12:10, Zach Whitecloud (OTT) for Boarding (Minor) at 16:07

2nd period

2. Senators , Corey Perry 7 (Gerald Mayhew 6, Zach Whitecloud 18) at 4:19
3. Senators , Jason Robertson 13 (Brady Tkachuk 17) at 7:45
4. Senators , Brady Tkachuk 23 (Ondrej Kase 9, Zach Whitecloud 19) at 11:20
5. Jets , Jack Eichel 16 (William Nylander 24, TJ Brodie 15) at 16:56 (PP)
6. Senators , Marc Staal 6 (Calle Jarnkrok 9, Erik Johnson 15) at 19:56 (PP)

Penalties :
Brady Tkachuk (OTT) for Holding Stick (Minor) at 8:07, Erik Johnson (OTT) for Hooking (Minor) at 15:26, Carl Grundstrom (WIN) for Roughing (Minor) at 19:01

3rd period

7. Senators , Jason Robertson 14 (Brady Tkachuk 18, Michael McCarron 8) at 0:12
8. Jets , Patric Hornqvist 5 (Philip Broberg 9, Matt Dumba 18) at 8:49
9. Jets , Logan Brown 2 (Jeremy Lauzon 10, Travis Dermott 6) at 18:36

Penalties :
Corey Perry (OTT) for Hooking (Minor) at 1:18, Matt Dumba (WIN) for Hooking (Minor) at 6:20, Riley Stillman (OTT) for Holding (Minor) at 12:00, Jeremy Lauzon (WIN) for Boarding (Minor) at 12:36

Goalie Stats

Joseph Woll (WIN), 10 saves from 11 shots - (0.909), L, 4-8-2, 20:04 minutes
Ivan Prosvetov (WIN), 10 saves from 14 shots - (0.714), 39:56 minutes
Mitchell Weeks (OTT), 28 saves from 32 shots - (0.875), W, 6-14-2, 60:00 minutes

Players Stats for Jets

Player Name              G  A  P  +/- PIM S  H  SB GA TA FO     MP     PP MP  PK MP  
------------------------------------------------------------------------------------
Aleksi Heponiemi         0  0  0  -1  0   1  0  0  0  0  1/1    12:33   0:00   1:28 
Arber Xhekaj             0  0  0   0  2   1  1  1  0  0  0/0    15:50   0:00   1:23 
Carl Grundstrom          0  0  0  -1  2   0  4  0  0  0  1/1    12:53   0:00   1:44 
Garnet Hathaway          0  0  0   0  0   2  7  1  0  0  0/1    18:03   5:12   1:28 
Jack Eichel              1  1  2  -1  0   5  0  1  0  0  13/21  15:23   2:57   0:12 
Jeremy Lauzon            0  1  1   0  2   0  4  1  0  0  0/0    18:47   4:23   2:10 
Jonathan Drouin          0  0  0   0  0   0  0  0  0  0  10/21  17:12   5:12   0:00 
Josh Bailey              1  0  1   0  0   5  0  0  0  0  0/0    14:55   2:57   0:00 
Liam O'Brien             0  0  0   0  0   0  2  0  0  0  0/0    10:58   0:00   0:00 
Logan Brown              1  0  1   0  0   2  0  0  0  0  11/23  14:07   0:00   3:09 
Matt Dumba               0  1  1  -2  2   3  1  1  0  0  0/0    25:00   3:45   2:13 
Mikhail Maltsev          0  0  0  -1  0   1  2  1  0  0  6/13   12:25   0:00   1:15 
Patric Hornqvist         1  0  1  -1  0   3  0  0  0  0  0/0    11:05   0:00   0:00 
Philip Broberg           0  1  1   1  0   0  0  3  0  0  0/0    15:40   0:00   0:05 
TJ Brodie                0  1  1  -3  0   2  0  1  0  0  0/0    25:08   3:45   2:50 
Travis Dermott           0  1  1   0  0   1  0  0  0  0  0/0    19:32   4:24   2:17 
William Nylander         0  2  2  -1  0   3  0  0  0  0  0/1    15:16   2:57   0:00 
Yegor Chinakhov          0  0  0   0  0   3  0  0  0  0  1/2    18:17   5:12   1:42 

Players Stats for Senators

Player Name              G  A  P  +/- PIM S  H  SB GA TA FO     MP     PP MP  PK MP  
------------------------------------------------------------------------------------
Alex Barre-Boulet        0  0  0  -1  0   3  0  1  0  0  1/2    10:59   0:26   0:59 
Brady Tkachuk            1  2  3   1  2   2  6  1  0  0  12/19  24:22   2:34   3:28 
Calle Jarnkrok           0  1  1   0  0   1  1  0  0  0  1/3    18:28   2:29   2:15 
Corey Perry              1  0  1   1  2   5  1  0  0  0  1/4    16:47   2:51   0:05 
Erik Johnson             0  1  1   1  2   2  2  0  0  0  0/0    23:38   2:24   2:58 
Evgeni Dadonov           0  0  0   1  0   1  2  0  0  0  2/6    15:52   0:00   1:35 
Gerald Mayhew            0  1  1   1  0   0  1  0  0  0  10/19  13:59   0:00   0:00 
Graeme Clarke            0  0  0   0  0   2  2  0  0  0  8/16   15:26   2:29   0:00 
Jamie Drysdale           0  0  0  -1  0   0  1  0  0  0  0/0    17:19   0:35   1:59 
Jason Robertson          2  0  2   2  0   3  0  0  0  0  1/2    16:34   2:34   4:55 
Kole Lind                0  0  0   0  0   0  0  0  0  0  0/0     0:00   0:00   0:00 
Marc Staal               1  0  1   1  0   1  3  2  0  0  0/0    24:52   2:24   3:48 
Michael McCarron         0  1  1   2  0   0  0  1  0  0  5/12   10:02   0:35   0:51 
Ondrej Kase              0  1  1  -1  0   1  0  0  0  0  0/0     9:34   0:00   0:00 
Phil Kessel              0  0  0   0  0   2  0  0  0  0  0/1    18:28   2:29   2:15 
Riley Stillman           0  0  0   2  2   1  3  3  0  0  0/0    19:09   2:30   3:57 
Will Butcher             0  0  0  -1  2   1  0  1  0  0  0/0    15:25   0:35   0:30 
Zach Whitecloud          0  2  2   2  2   0  1  1  0  0  0/0    19:28   2:30   3:01 

3 Stars

1 - Brady Tkachuk (OTT)
2 - Jason Robertson (OTT)
3 - Marc Staal (OTT)

Power Play

Jets - 2 on 6 Attempt(s) - 33.33%
Senators - 1 on 4 Attempt(s) - 25.00%

Penalty Kill

Jets - 3 on 4 Attempt(s) - 75.00% - Score 0 goal in Penalty Kill
Senators - 4 on 6 Attempt(s) - 66.67% - Score 0 goal in Penalty Kill

Team Stat

Jets - Hits : 21 - Faceoff Wins : 43 - Blocked Shots : 10 - Penalty Minutes : 8
Senators - Hits : 23 - Faceoff Wins : 41 - Blocked Shots : 10 - Penalty Minutes : 12

Official

Referees : Cody Beach and Conor O'Donnell
Linesman : Bryan Pancich and Ryan Galloway

Game Notes

Joseph Woll enters game at 19:56 of 2nd period

Finance

Level 1 -- Attendance: 6000 (100.00%) -- Ticket Income $390,000
Level 2 -- Attendance: 5000 (100.00%) -- Ticket Income $225,000
Level 3 -- Attendance: 2000 (100.00%) -- Ticket Income $80,000
Level 4 -- Attendance: 4000 (100.00%) -- Ticket Income $140,000
Luxury Box -- Attendance: 1000 (100.00%) -- Ticket Income $100,000
Game was played at the Scotiabank Center.
Total Attendance: 18000 (100.00%)
Total Ticket Income: $935,000
Other Income: $458,150
Total Income: $1,393,150

Jets

5 vs 5 Forward 
   Center                   Left Wing                Right Wing               Time % Phy DF OF 
 1 Mikhail Maltsev          William Nylander         Carl Grundstrom          25     1   2  2  
 2 Jonathan Drouin          Garnet Hathaway          Yegor Chinakhov          25     1   2  2  
 3 Jack Eichel              Aleksi Heponiemi         Patric Hornqvist         25     1   2  2  
 4 Logan Brown              Liam O'Brien             Josh Bailey              25     1   2  2  

5 vs 5 Defense 
   Defense                  Defense                                           Time % Phy DF OF 
 1 TJ Brodie                Matt Dumba                                        25     1   2  2  
 2 Jeremy Lauzon            Travis Dermott                                    25     1   2  2  
 3 Philip Broberg           Arber Xhekaj                                      25     1   2  2  
 4 TJ Brodie                Matt Dumba                                        25     1   2  2  

PowerPlay Forward 
   Center                   Left Wing                Right Wing               Time % Phy DF OF 
 1 Jack Eichel              William Nylander         Josh Bailey              60     1   2  2  
 2 Jonathan Drouin          Garnet Hathaway          Yegor Chinakhov          40     1   2  2  

PowerPlay Defense
   Defense                  Defense                                           Time % Phy DF OF 
 1 TJ Brodie                Matt Dumba                                        60     1   2  2  
 2 Jeremy Lauzon            Travis Dermott                                    40     1   2  2  

Penalty Kill 4 Players Forward 
   Center                   Wing                     Time % Phy DF OF 
 1 Logan Brown              Carl Grundstrom          60     1   2  2  
 2 Aleksi Heponiemi         Garnet Hathaway          40     1   2  2  

Penalty Kill 4 Players Defense
   Defense                  Defense                  Time % Phy DF OF 
 1 TJ Brodie                Matt Dumba               60     1   2  2  
 2 Jeremy Lauzon            Travis Dermott           40     1   2  2  

Penalty Kill - 3 Players Forward 
   Forward                                           Time % Phy DF OF 
 1 Josh Bailey                                       60     1   2  2  
 2 Carl Grundstrom                                   40     1   2  2  

Penalty Kill - 3 Players Defense
   Defense                  Defense                  Time % Phy DF OF 
 1 TJ Brodie                Matt Dumba               60     1   2  2  
 2 Jeremy Lauzon            Travis Dermott           40     1   2  2  

4 vs 4 Forward 
   Center                   Wing                     Time % Phy DF OF 
 1 William Nylander         Jack Eichel              60     1   2  2  
 2 Josh Bailey              Jonathan Drouin          40     1   2  2  

4 vs 4 Defense
   Defense                  Defense                  Time % Phy DF OF 
 1 TJ Brodie                Matt Dumba               60     1   2  2  
 2 Jeremy Lauzon            Travis Dermott           40     1   2  2  

Last Minutes Offensive
   Center                   Left Wing                Right Wing               Defense                  Defense                  
   Jack Eichel              William Nylander         Josh Bailey              TJ Brodie                Matt Dumba               

Last Minutes Defensive
   Center                   Left Wing                Right Wing               Defense                  Defense                  
   Jack Eichel              William Nylander         Josh Bailey              TJ Brodie                Matt Dumba               

Goaltenders
Starting : Ivan Prosvetov           
Backup : Joseph Woll              

Extra Forwards
Normal : Logan Brown, Carl Grundstrom, Mikhail Maltsev - PP : Logan Brown, Carl Grundstrom - PK : Mikhail Maltsev
Extra Defensemen
Normal : Philip Broberg, Arber Xhekaj, Jeremy Lauzon - PP : Philip Broberg - PK : Arber Xhekaj, Jeremy Lauzon
Penalty Shots
William Nylander, Jack Eichel, Josh Bailey, Jonathan Drouin, Garnet Hathaway
Custom OT Lines Forwards
William Nylander, Jack Eichel, Josh Bailey, Jonathan Drouin, Garnet Hathaway, Yegor Chinakhov, Carl Grundstrom, Mikhail Maltsev, Patric Hornqvist, Liam O'Brien
Custom OT Lines Defensemen
TJ Brodie, Matt Dumba, Jeremy Lauzon, Travis Dermott, Philip Broberg

Scratches
Mitchell Marner (Healthy), Jake Bean (Healthy), Samuel Montembeault (Healthy)

Senators

5 vs 5 Forward 
   Center                   Left Wing                Right Wing               Time % Phy DF OF 
 1 Michael McCarron         Brady Tkachuk            Jason Robertson          25     1   2  2  
 2 Graeme Clarke            Calle Jarnkrok           Phil Kessel              25     1   2  2  
 3 Gerald Mayhew            Evgeni Dadonov           Corey Perry              25     1   2  2  
 4 Brady Tkachuk            Alex Barre-Boulet        Ondrej Kase              25     1   2  2  

5 vs 5 Defense 
   Defense                  Defense                                           Time % Phy DF OF 
 1 Erik Johnson             Marc Staal                                        25     1   2  2  
 2 Zach Whitecloud          Riley Stillman                                    25     1   2  2  
 3 Will Butcher             Jamie Drysdale                                    25     1   2  2  
 4 Erik Johnson             Marc Staal                                        25     1   2  2  

PowerPlay Forward 
   Center                   Left Wing                Right Wing               Time % Phy DF OF 
 1 Corey Perry              Brady Tkachuk            Jason Robertson          60     1   2  2  
 2 Graeme Clarke            Calle Jarnkrok           Phil Kessel              40     1   2  2  

PowerPlay Defense
   Defense                  Defense                                           Time % Phy DF OF 
 1 Erik Johnson             Marc Staal                                        60     1   2  2  
 2 Zach Whitecloud          Riley Stillman                                    40     1   2  2  

Penalty Kill 4 Players Forward 
   Center                   Wing                     Time % Phy DF OF 
 1 Brady Tkachuk            Jason Robertson          60     1   2  2  
 2 Calle Jarnkrok           Phil Kessel              40     1   2  2  

Penalty Kill 4 Players Defense
   Defense                  Defense                  Time % Phy DF OF 
 1 Erik Johnson             Marc Staal               60     1   2  2  
 2 Zach Whitecloud          Riley Stillman           40     1   2  2  

Penalty Kill - 3 Players Forward 
   Forward                                           Time % Phy DF OF 
 1 Brady Tkachuk                                     60     1   2  2  
 2 Jason Robertson                                   40     1   2  2  

Penalty Kill - 3 Players Defense
   Defense                  Defense                  Time % Phy DF OF 
 1 Erik Johnson             Marc Staal               60     1   2  2  
 2 Zach Whitecloud          Riley Stillman           40     1   2  2  

4 vs 4 Forward 
   Center                   Wing                     Time % Phy DF OF 
 1 Brady Tkachuk            Jason Robertson          60     1   2  2  
 2 Calle Jarnkrok           Phil Kessel              40     1   2  2  

4 vs 4 Defense
   Defense                  Defense                  Time % Phy DF OF 
 1 Erik Johnson             Marc Staal               60     1   2  2  
 2 Zach Whitecloud          Riley Stillman           40     1   2  2  

Last Minutes Offensive
   Center                   Left Wing                Right Wing               Defense                  Defense                  
   Michael McCarron         Brady Tkachuk            Jason Robertson          Erik Johnson             Marc Staal               

Last Minutes Defensive
   Center                   Left Wing                Right Wing               Defense                  Defense                  
   Michael McCarron         Brady Tkachuk            Jason Robertson          Erik Johnson             Marc Staal               

Goaltenders
Starting : Mitchell Weeks           
Backup : Jonas Johansson          

Extra Forwards
Normal : Brady Tkachuk, Corey Perry, Evgeni Dadonov - PP : Brady Tkachuk, Corey Perry - PK : Evgeni Dadonov
Extra Defensemen
Normal : Will Butcher, Jamie Drysdale, Zach Whitecloud - PP : Will Butcher - PK : Jamie Drysdale, Zach Whitecloud
Penalty Shots
Brady Tkachuk, Jason Robertson, Calle Jarnkrok, Phil Kessel, Corey Perry
Custom OT Lines Forwards
Brady Tkachuk, Jason Robertson, Calle Jarnkrok, Phil Kessel, Corey Perry, Evgeni Dadonov, Ondrej Kase, Alex Barre-Boulet, Michael McCarron, Graeme Clarke
Custom OT Lines Defensemen
Erik Johnson, Marc Staal, Zach Whitecloud, Riley Stillman, Will Butcher

Scratches
Nick Ritchie (Healthy), Mathieu Olivier (Healthy), Griffin Luce (Healthy), Jean-Francois Berube (Healthy)

% Time on Ice - Jets

Lines # - Real PCT - Wanted PCT - Time Play
Normal Forward
1 - 25% - 25% - 11:10
2 - 26% - 25% - 11:23
3 - 25% - 25% - 11:05
4 - 25% - 25% - 10:58
Normal Defense
1 - 18% - 25% - 8:13
2 - 27% - 25% - 12:14
3 - 34% - 25% - 14:58
4 - 21% - 25% - 9:11
PP Forward
1 - 36% - 60% - 2:57
2 - 64% - 40% - 5:12
PP Defense
1 - 46% - 60% - 3:45
2 - 54% - 40% - 4:24
PK Forward
1 - 73% - 60% - 4:01
2 - 27% - 40% - 1:28
PK Defense
1 - 53% - 60% - 2:55
2 - 47% - 40% - 2:34
PK3 Forward
1 - 0% - 60%
2 - 0% - 40%
PK3 Defense
1 - 0% - 60%
2 - 0% - 40%
44 Forward
1 - 55% - 60% - 0:46
2 - 45% - 40% - 0:37
44 Defense
1 - 55% - 60% - 0:46
2 - 45% - 40% - 0:37
Last Minute Offensive  - 0:23
Last Minute Defensive  - 0:00
Total
Forward - 60:00
Defense - 60:00

% Time on Ice - Senators

Lines # - Real PCT - Wanted PCT - Time Play
Normal Forward
1 - 18% - 25% - 7:48
2 - 29% - 25% - 12:57
3 - 32% - 25% - 13:59
4 - 22% - 25% - 9:34
Normal Defense
1 - 18% - 25% - 7:51
2 - 30% - 25% - 13:22
3 - 30% - 25% - 13:26
4 - 22% - 25% - 9:39
PP Forward
1 - 55% - 60% - 3:00
2 - 45% - 40% - 2:29
PP Defense
1 - 52% - 60% - 2:50
2 - 48% - 40% - 2:39
PK Forward
1 - 72% - 60% - 5:54
2 - 28% - 40% - 2:15
PK Defense
1 - 47% - 60% - 3:48
2 - 53% - 40% - 4:21
PK3 Forward
1 - 0% - 60%
2 - 0% - 40%
PK3 Defense
1 - 0% - 60%
2 - 0% - 40%
44 Forward
1 - 43% - 60% - 0:36
2 - 57% - 40% - 0:47
44 Defense
1 - 57% - 60% - 0:47
2 - 43% - 40% - 0:36
Last Minute Offensive  - 0:00
Last Minute Defensive  - 0:41
Total
Forward - 60:00
Defense - 60:00

Play-by-Play

1st period


0:01 of 1st period - Mikhail Maltsev wins face-off versus Michael McCarron in neutral zone.
0:18 of 1st period - TJ Brodie is hit by Brady Tkachuk and loses puck.
0:25 of 1st period - Shot by Jason Robertson.
0:25 of 1st period - Deflect By Brady Tkachuk.
0:25 of 1st period - Shot Misses the Net.
0:36 of 1st period - Icing by Marc Staal.
0:37 of 1st period - Jonathan Drouin wins face-off versus Michael McCarron in Senators zone.
0:46 of 1st period - Marc Staal is hit by Garnet Hathaway and loses puck.
1:13 of 1st period - Shot by Graeme Clarke.
1:13 of 1st period - Stopped by Ivan Prosvetov without a rebound.
1:14 of 1st period - Gerald Mayhew wins face-off versus Jack Eichel in Jets zone.
1:19 of 1st period - Shot by Corey Perry.
1:19 of 1st period - Shot Misses the Net.
1:21 of 1st period - Shot by Corey Perry.
1:21 of 1st period - Shot Blocked by Jack Eichel.
1:23 of 1st period - Shot by Will Butcher.
1:23 of 1st period - Shot Blocked by Philip Broberg.
1:25 of 1st period - Shot by Will Butcher.
1:25 of 1st period - Shot Misses the Net.
2:12 of 1st period - Icing by Arber Xhekaj.
2:13 of 1st period - Brady Tkachuk wins face-off versus Jack Eichel in Jets zone.
4:09 of 1st period - Shot by Jonathan Drouin.
4:09 of 1st period - Shot Blocked by Riley Stillman.
4:52 of 1st period - Shot by Arber Xhekaj.
4:52 of 1st period - Stopped by Mitchell Weeks without a rebound.
4:53 of 1st period - Gerald Mayhew wins face-off versus Logan Brown in Senators zone.
4:53 of 1st period - Gerald Mayhew is hit by Liam O'Brien.
5:40 of 1st period - Icing by Jeremy Lauzon.
5:41 of 1st period - Michael McCarron wins face-off versus Logan Brown in Jets zone.
5:54 of 1st period - Shot by Jason Robertson.
5:54 of 1st period - Shot Misses the Net.
5:56 of 1st period - Shot by Erik Johnson.
5:56 of 1st period - Stopped by Ivan Prosvetov without a rebound.
5:57 of 1st period - Mikhail Maltsev wins face-off versus Brady Tkachuk in Jets zone.
5:57 of 1st period - Mikhail Maltsev is hit by Brady Tkachuk.
6:10 of 1st period - Shot by Alex Barre-Boulet.
6:10 of 1st period - Stopped by Ivan Prosvetov with a rebound.
6:12 of 1st period - Shot by Ondrej Kase.
6:12 of 1st period - Shot Blocked by Arber Xhekaj.
6:14 of 1st period - Shot by Ondrej Kase.
6:14 of 1st period - Shot Misses the Net.
6:16 of 1st period - Shot by Alex Barre-Boulet.
6:16 of 1st period - Stopped by Ivan Prosvetov without a rebound.
6:17 of 1st period - Graeme Clarke wins face-off versus Jonathan Drouin in Jets zone.
6:17 of 1st period - Calle Jarnkrok is hit by Matt Dumba and loses puck.
6:42 of 1st period - Shot by Garnet Hathaway.
6:42 of 1st period - Shot Blocked by Riley Stillman.
6:55 of 1st period - Icing by Riley Stillman.
6:56 of 1st period - Jack Eichel wins face-off versus Graeme Clarke in Senators zone.
7:03 of 1st period - Shot by Jack Eichel.
7:03 of 1st period - Stopped by Mitchell Weeks without a rebound.
7:04 of 1st period - Michael McCarron wins face-off versus Mikhail Maltsev in Senators zone.
7:04 of 1st period - Michael McCarron is hit by Carl Grundstrom.
7:32 of 1st period - Minor Penalty to Arber Xhekaj for Interference.
7:33 of 1st period - Logan Brown wins face-off versus Corey Perry in Jets zone.
9:14 of 1st period - Shot by Alex Barre-Boulet.
9:14 of 1st period - Stopped by Ivan Prosvetov with a rebound.
9:16 of 1st period - Shot by Corey Perry.
9:16 of 1st period - Shot Misses the Net.
9:18 of 1st period - Shot by Michael McCarron.
9:18 of 1st period - Shot Misses the Net.
9:20 of 1st period - Shot by Will Butcher.
9:20 of 1st period - Deflect By Corey Perry.
9:20 of 1st period - Shot Blocked by Mikhail Maltsev.
10:17 of 1st period - Icing by Patric Hornqvist.
10:18 of 1st period - Jack Eichel wins face-off versus Graeme Clarke in Jets zone.
11:01 of 1st period - Shot by Logan Brown.
11:01 of 1st period - Stopped by Mitchell Weeks without a rebound.
11:02 of 1st period - Gerald Mayhew wins face-off versus Jonathan Drouin in Senators zone.
11:02 of 1st period - Gerald Mayhew is hit by Garnet Hathaway.
11:10 of 1st period - Shot by Yegor Chinakhov.
11:10 of 1st period - Stopped by Mitchell Weeks with a rebound.
11:49 of 1st period - Off-side.
11:50 of 1st period - Mikhail Maltsev wins face-off versus Michael McCarron in neutral zone.
11:56 of 1st period - Mikhail Maltsev is hit by Jamie Drysdale and loses puck.
12:07 of 1st period - Shot by William Nylander.
12:07 of 1st period - Stopped by Mitchell Weeks with a rebound.
12:10 of 1st period - Minor Penalty to Will Butcher for Slashing.
12:11 of 1st period - Jack Eichel wins face-off versus Brady Tkachuk in Senators zone.
12:16 of 1st period - Shot by Josh Bailey.
12:16 of 1st period - Goal by Josh Bailey - Jets : 1 - Senators : 0.
12:17 of 1st period - Graeme Clarke wins face-off versus Logan Brown in neutral zone.
12:49 of 1st period - Shot by Graeme Clarke.
12:49 of 1st period - Stopped by Ivan Prosvetov with a rebound.
12:56 of 1st period - Icing by Josh Bailey.
12:57 of 1st period - Gerald Mayhew wins face-off versus Logan Brown in Jets zone.
13:13 of 1st period - Off-side.
13:14 of 1st period - Jack Eichel wins face-off versus Jason Robertson in neutral zone.
13:19 of 1st period - Shot by Jack Eichel.
13:19 of 1st period - Stopped by Mitchell Weeks without a rebound.
13:20 of 1st period - Alex Barre-Boulet wins face-off versus Mikhail Maltsev in Senators zone.
13:20 of 1st period - Alex Barre-Boulet is hit by Mikhail Maltsev.
14:26 of 1st period - Icing by Jeremy Lauzon.
14:27 of 1st period - Jack Eichel wins face-off versus Graeme Clarke in Jets zone.
14:27 of 1st period - Jack Eichel is hit by Graeme Clarke.
14:30 of 1st period - Jeremy Lauzon is hit by Calle Jarnkrok and loses puck.
14:53 of 1st period - Icing by Jeremy Lauzon.
14:54 of 1st period - Gerald Mayhew wins face-off versus Jack Eichel in Jets zone.
15:21 of 1st period - Icing by Corey Perry.
15:22 of 1st period - Jonathan Drouin wins face-off versus Gerald Mayhew in Senators zone.
15:27 of 1st period - Shot by Yegor Chinakhov.
15:27 of 1st period - Shot Misses the Net.
15:36 of 1st period - Icing by Marc Staal.
15:37 of 1st period - Logan Brown wins face-off versus Gerald Mayhew in Senators zone.
15:55 of 1st period - Liam O'Brien is hit by Evgeni Dadonov and loses puck.
16:05 of 1st period - Josh Bailey is hit by Riley Stillman and loses puck.
16:07 of 1st period - Minor Penalty to Zach Whitecloud for Boarding.
16:08 of 1st period - Brady Tkachuk wins face-off versus Jonathan Drouin in Senators zone.
17:28 of 1st period - William Nylander is hit by Marc Staal.
18:17 of 1st period - Shot by William Nylander.
18:17 of 1st period - Stopped by Mitchell Weeks without a rebound.
18:18 of 1st period - Brady Tkachuk wins face-off versus Jack Eichel in Senators zone.
18:31 of 1st period - Shot by Patric Hornqvist.
18:31 of 1st period - Stopped by Mitchell Weeks with a rebound.
19:15 of 1st period - Shot by Josh Bailey.
19:15 of 1st period - Stopped by Mitchell Weeks without a rebound.
19:16 of 1st period - Carl Grundstrom wins face-off versus Graeme Clarke in Senators zone.
19:25 of 1st period - Shot by Mikhail Maltsev.
19:25 of 1st period - Stopped by Mitchell Weeks without a rebound.
19:26 of 1st period - Gerald Mayhew wins face-off versus Logan Brown in Senators zone.
19:26 of 1st period - Marc Staal is hit by Liam O'Brien and loses puck.
19:32 of 1st period - Josh Bailey is hit by Marc Staal.
19:42 of 1st period - Shot by Josh Bailey.
19:42 of 1st period - Deflect By Logan Brown.
19:42 of 1st period - Shot Misses the Net.
19:44 of 1st period - Shot by Josh Bailey.
19:44 of 1st period - Shot Misses the Net.
19:57 of 1st period - Icing by TJ Brodie.
19:58 of 1st period - Graeme Clarke wins face-off versus Logan Brown in Jets zone.
Goals for this period are 1 for Jets vs 0 for Senators.
Shots for this period are 11 for Jets vs 6 for Senators.

2nd period


0:01 of 2nd period - Jonathan Drouin wins face-off versus Michael McCarron in neutral zone.
0:37 of 2nd period - Shot by Jason Robertson.
0:37 of 2nd period - Stopped by Ivan Prosvetov without a rebound.
0:38 of 2nd period - Mikhail Maltsev wins face-off versus Calle Jarnkrok in Jets zone.
1:40 of 2nd period - Icing by Corey Perry.
1:41 of 2nd period - Gerald Mayhew wins face-off versus Jonathan Drouin in Senators zone.
1:41 of 2nd period - Gerald Mayhew is hit by Garnet Hathaway.
1:59 of 2nd period - Shot by Corey Perry.
1:59 of 2nd period - Stopped by Ivan Prosvetov with a rebound.
2:01 of 2nd period - Shot by Gerald Mayhew.
2:01 of 2nd period - Shot Misses the Net.
2:03 of 2nd period - Shot by Gerald Mayhew.
2:03 of 2nd period - Shot Blocked by Garnet Hathaway.
2:05 of 2nd period - Shot by Corey Perry.
2:05 of 2nd period - Shot Blocked by Matt Dumba.
2:43 of 2nd period - Off-side.
2:44 of 2nd period - Logan Brown wins face-off versus Brady Tkachuk in neutral zone.
2:59 of 2nd period - Shot by Josh Bailey.
2:59 of 2nd period - Shot Blocked by Brady Tkachuk.
3:19 of 2nd period - Shot by Josh Bailey.
3:19 of 2nd period - Shot Hit the Post.
3:51 of 2nd period - Shot by Patric Hornqvist.
3:51 of 2nd period - Stopped by Mitchell Weeks without a rebound.
3:52 of 2nd period - Gerald Mayhew wins face-off versus Mikhail Maltsev in Senators zone.
3:52 of 2nd period - Gerald Mayhew is hit by Carl Grundstrom.
4:19 of 2nd period - Shot by Gerald Mayhew.
4:19 of 2nd period - Deflect By Corey Perry.
4:19 of 2nd period - Goal by Corey Perry - Jets : 1 - Senators : 1.
4:20 of 2nd period - Jack Eichel wins face-off versus Graeme Clarke in neutral zone.
4:33 of 2nd period - Shot by Jack Eichel.
4:33 of 2nd period - Stopped by Mitchell Weeks without a rebound.
4:34 of 2nd period - Michael McCarron wins face-off versus Jonathan Drouin in Senators zone.
4:34 of 2nd period - Michael McCarron is hit by Garnet Hathaway.
5:05 of 2nd period - Michael McCarron is hit by Jeremy Lauzon.
5:10 of 2nd period - Brady Tkachuk is hit by Jeremy Lauzon.
6:02 of 2nd period - Shot by William Nylander.
6:02 of 2nd period - Shot Misses the Net.
6:04 of 2nd period - Shot by Carl Grundstrom.
6:04 of 2nd period - Shot Misses the Net.
6:06 of 2nd period - Shot by Matt Dumba.
6:06 of 2nd period - Stopped by Mitchell Weeks with a rebound.
7:16 of 2nd period - Jack Eichel is hit by Brady Tkachuk and loses puck.
7:45 of 2nd period - Shot by Jason Robertson.
7:45 of 2nd period - Goal by Jason Robertson - Jets : 1 - Senators : 2.
7:46 of 2nd period - Brady Tkachuk wins face-off versus Jonathan Drouin in neutral zone.
8:07 of 2nd period - Minor Penalty to Brady Tkachuk for Holding Stick.
8:08 of 2nd period - Jack Eichel wins face-off versus Evgeni Dadonov in Senators zone.
8:17 of 2nd period - Shot by William Nylander.
8:17 of 2nd period - Shot Misses the Net.
8:19 of 2nd period - Shot by Matt Dumba.
8:19 of 2nd period - Stopped by Mitchell Weeks without a rebound.
8:20 of 2nd period - Jonathan Drouin wins face-off versus Evgeni Dadonov in Senators zone.
8:21 of 2nd period - Shot by TJ Brodie.
8:21 of 2nd period - Stopped by Mitchell Weeks without a rebound.
8:22 of 2nd period - Evgeni Dadonov wins face-off versus Jonathan Drouin in Senators zone.
8:22 of 2nd period - Evgeni Dadonov is hit by Garnet Hathaway.
9:33 of 2nd period - Shot by Alex Barre-Boulet.
9:33 of 2nd period - Shot Misses the Net.
10:00 of 2nd period - Shot by Jonathan Drouin.
10:00 of 2nd period - Shot Blocked by Michael McCarron.
10:02 of 2nd period - Shot by TJ Brodie.
10:02 of 2nd period - Deflect By Garnet Hathaway.
10:02 of 2nd period - Stopped by Mitchell Weeks with a rebound.
10:04 of 2nd period - Shot by Matt Dumba.
10:04 of 2nd period - Stopped by Mitchell Weeks without a rebound.
10:05 of 2nd period - Jack Eichel wins face-off versus Michael McCarron in Senators zone.
10:06 of 2nd period - Shot by TJ Brodie.
10:06 of 2nd period - Stopped by Mitchell Weeks without a rebound.
10:07 of 2nd period - Graeme Clarke wins face-off versus Mikhail Maltsev in Senators zone.
10:07 of 2nd period - Will Butcher is hit by Mikhail Maltsev and loses puck.
10:30 of 2nd period - Shot by William Nylander.
10:30 of 2nd period - Shot Misses the Net.
10:58 of 2nd period - Shot by Brady Tkachuk.
10:58 of 2nd period - Shot Misses the Net.
11:00 of 2nd period - Shot by Brady Tkachuk.
11:00 of 2nd period - Deflect By Alex Barre-Boulet.
11:00 of 2nd period - Shot Misses the Net.
11:20 of 2nd period - Shot by Brady Tkachuk.
11:20 of 2nd period - Goal by Brady Tkachuk - Jets : 1 - Senators : 3.
11:21 of 2nd period - Aleksi Heponiemi wins face-off versus Gerald Mayhew in neutral zone.
11:38 of 2nd period - Off-side.
11:39 of 2nd period - Jason Robertson wins face-off versus Logan Brown in neutral zone.
11:43 of 2nd period - Off-side.
11:44 of 2nd period - Jonathan Drouin wins face-off versus Michael McCarron in neutral zone.
11:50 of 2nd period - Matt Dumba is hit by Marc Staal and loses puck.
12:07 of 2nd period - Shot by Yegor Chinakhov.
12:07 of 2nd period - Shot Blocked by Marc Staal.
13:10 of 2nd period - Travis Dermott is hit by Gerald Mayhew and loses puck.
13:34 of 2nd period - Icing by Travis Dermott.
13:35 of 2nd period - Brady Tkachuk wins face-off versus Logan Brown in Jets zone.
13:56 of 2nd period - Shot by Alex Barre-Boulet.
13:56 of 2nd period - Deflect By Brady Tkachuk.
13:56 of 2nd period - Shot Misses the Net.
13:58 of 2nd period - Shot by Erik Johnson.
13:58 of 2nd period - Stopped by Ivan Prosvetov without a rebound.
13:59 of 2nd period - Graeme Clarke wins face-off versus Jack Eichel in Jets zone.
14:12 of 2nd period - Shot by Phil Kessel.
14:12 of 2nd period - Stopped by Ivan Prosvetov with a rebound.
15:01 of 2nd period - Shot by William Nylander.
15:01 of 2nd period - Shot Blocked by Marc Staal.
15:03 of 2nd period - Shot by Mikhail Maltsev.
15:03 of 2nd period - Deflect By William Nylander.
15:03 of 2nd period - Shot Misses the Net.
15:20 of 2nd period - Mikhail Maltsev is hit by Erik Johnson and loses puck.
15:26 of 2nd period - Minor Penalty to Erik Johnson for Hooking.
15:27 of 2nd period - Brady Tkachuk wins face-off versus Yegor Chinakhov in Senators zone.
15:33 of 2nd period - Icing by Travis Dermott.
15:34 of 2nd period - Calle Jarnkrok wins face-off versus Garnet Hathaway in Jets zone.
16:07 of 2nd period - Icing by Travis Dermott.
16:08 of 2nd period - Jonathan Drouin wins face-off versus Brady Tkachuk in Jets zone.
16:34 of 2nd period - Icing by Jack Eichel.
16:35 of 2nd period - Jack Eichel wins face-off versus Calle Jarnkrok in Jets zone.
16:54 of 2nd period - Shot by TJ Brodie.
16:54 of 2nd period - Shot Misses the Net.
16:56 of 2nd period - Shot by William Nylander.
16:56 of 2nd period - Deflect By Jack Eichel.
16:56 of 2nd period - Goal by Jack Eichel - Jets : 2 - Senators : 3.
16:57 of 2nd period - Evgeni Dadonov wins face-off versus Jack Eichel in neutral zone.
17:16 of 2nd period - Shot by Patric Hornqvist.
17:16 of 2nd period - Deflect By Jack Eichel.
17:16 of 2nd period - Shot Blocked by Zach Whitecloud.
17:18 of 2nd period - Shot by Aleksi Heponiemi.
17:18 of 2nd period - Deflect By Jack Eichel.
17:18 of 2nd period - Stopped by Mitchell Weeks without a rebound.
17:19 of 2nd period - Logan Brown wins face-off versus Graeme Clarke in Senators zone.
17:28 of 2nd period - Shot by Josh Bailey.
17:28 of 2nd period - Shot Blocked by Will Butcher.
17:56 of 2nd period - Shot by Liam O'Brien.
17:56 of 2nd period - Shot Misses the Net.
17:59 of 2nd period - Icing by Will Butcher.
18:00 of 2nd period - Jonathan Drouin wins face-off versus Graeme Clarke in Senators zone.
18:13 of 2nd period - Shot by Yegor Chinakhov.
18:13 of 2nd period - Stopped by Mitchell Weeks with a rebound.
18:35 of 2nd period - Shot by Garnet Hathaway.
18:35 of 2nd period - Stopped by Mitchell Weeks without a rebound.
18:36 of 2nd period - Brady Tkachuk wins face-off versus Mikhail Maltsev in Senators zone.
18:36 of 2nd period - Brady Tkachuk is hit by Carl Grundstrom.
19:01 of 2nd period - Minor Penalty to Carl Grundstrom for Roughing.
19:02 of 2nd period - Logan Brown wins face-off versus Corey Perry in Jets zone.
19:02 of 2nd period - Logan Brown is hit by Brady Tkachuk.
19:56 of 2nd period - Shot by Marc Staal.
19:56 of 2nd period - Goal by Marc Staal - Jets : 2 - Senators : 4.
19:56 of 2nd period - Joseph Woll enters game.
19:57 of 2nd period - Gerald Mayhew wins face-off versus Jack Eichel in neutral zone.
Goals for this period are 1 for Jets vs 4 for Senators.
Shots for this period are 12 for Jets vs 8 for Senators.

3rd period


0:01 of 3rd period - Michael McCarron wins face-off versus Jack Eichel in neutral zone.
0:12 of 3rd period - Shot by Jason Robertson.
0:12 of 3rd period - Goal by Jason Robertson - Jets : 2 - Senators : 5.
0:13 of 3rd period - Logan Brown wins face-off versus Gerald Mayhew in neutral zone.
0:23 of 3rd period - Corey Perry is hit by Jeremy Lauzon and loses puck.
0:30 of 3rd period - Shot by Evgeni Dadonov.
0:30 of 3rd period - Stopped by Joseph Woll without a rebound.
0:31 of 3rd period - Jack Eichel wins face-off versus Brady Tkachuk in Jets zone.
1:18 of 3rd period - Minor Penalty to Corey Perry for Hooking.
1:19 of 3rd period - Brady Tkachuk wins face-off versus Jonathan Drouin in Senators zone.
1:39 of 3rd period - Riley Stillman is hit by Garnet Hathaway and loses puck.
1:47 of 3rd period - Jonathan Drouin is hit by Zach Whitecloud and loses puck.
1:54 of 3rd period - Shot by Yegor Chinakhov.
1:54 of 3rd period - Stopped by Mitchell Weeks with a rebound.
1:56 of 3rd period - Shot by Jeremy Lauzon.
1:56 of 3rd period - Shot Blocked by Riley Stillman.
2:28 of 3rd period - Shot by William Nylander.
2:28 of 3rd period - Stopped by Mitchell Weeks with a rebound.
2:30 of 3rd period - Shot by Josh Bailey.
2:30 of 3rd period - Stopped by Mitchell Weeks without a rebound.
2:31 of 3rd period - Yegor Chinakhov wins face-off versus Brady Tkachuk in Senators zone.
3:21 of 3rd period - Icing by Evgeni Dadonov.
3:22 of 3rd period - Logan Brown wins face-off versus Gerald Mayhew in Senators zone.
3:43 of 3rd period - Shot by Evgeni Dadonov.
3:43 of 3rd period - Deflect By Corey Perry.
3:43 of 3rd period - Stopped by Joseph Woll without a rebound.
3:44 of 3rd period - Graeme Clarke wins face-off versus Mikhail Maltsev in Jets zone.
3:51 of 3rd period - Shot by Phil Kessel.
3:51 of 3rd period - Stopped by Joseph Woll with a rebound.
4:43 of 3rd period - Shot by Ondrej Kase.
4:43 of 3rd period - Shot Misses the Net.
4:53 of 3rd period - Shot by Ondrej Kase.
4:53 of 3rd period - Stopped by Joseph Woll without a rebound.
4:54 of 3rd period - Gerald Mayhew wins face-off versus Jonathan Drouin in Jets zone.
4:54 of 3rd period - Gerald Mayhew is hit by Jeremy Lauzon.
4:59 of 3rd period - Icing by Travis Dermott.
5:00 of 3rd period - Jonathan Drouin wins face-off versus Gerald Mayhew in Jets zone.
5:00 of 3rd period - Jeremy Lauzon is hit by Corey Perry and loses puck.
5:13 of 3rd period - Yegor Chinakhov is hit by Riley Stillman and loses puck.
5:19 of 3rd period - Icing by Riley Stillman.
5:20 of 3rd period - Logan Brown wins face-off versus Gerald Mayhew in Senators zone.
5:22 of 3rd period - Josh Bailey is hit by Riley Stillman and loses puck.
5:30 of 3rd period - Icing by Riley Stillman.
5:31 of 3rd period - Mikhail Maltsev wins face-off versus Gerald Mayhew in Senators zone.
6:13 of 3rd period - Shot by Jason Robertson.
6:13 of 3rd period - Shot Blocked by TJ Brodie.
6:20 of 3rd period - Minor Penalty to Matt Dumba for Hooking.
6:21 of 3rd period - Graeme Clarke wins face-off versus Logan Brown in Jets zone.
6:24 of 3rd period - Shot by Erik Johnson.
6:24 of 3rd period - Shot Misses the Net.
6:36 of 3rd period - Shot by Marc Staal.
6:36 of 3rd period - Shot Blocked by Jeremy Lauzon.
6:38 of 3rd period - Shot by Marc Staal.
6:38 of 3rd period - Shot Misses the Net.
8:22 of 3rd period - Icing by Jeremy Lauzon.
8:23 of 3rd period - Jack Eichel wins face-off versus Brady Tkachuk in Jets zone.
8:47 of 3rd period - Shot by Patric Hornqvist.
8:47 of 3rd period - Shot Misses the Net.
8:49 of 3rd period - Shot by Patric Hornqvist.
8:49 of 3rd period - Goal by Patric Hornqvist - Jets : 3 - Senators : 5.
8:50 of 3rd period - Jonathan Drouin wins face-off versus Evgeni Dadonov in neutral zone.
8:50 of 3rd period - Yegor Chinakhov is hit by Evgeni Dadonov and loses puck.
9:06 of 3rd period - Shot by Corey Perry.
9:06 of 3rd period - Stopped by Joseph Woll without a rebound.
9:07 of 3rd period - Michael McCarron wins face-off versus Logan Brown in Jets zone.
9:14 of 3rd period - Shot by Jason Robertson.
9:14 of 3rd period - Shot Misses the Net.
9:26 of 3rd period - Logan Brown is hit by Brady Tkachuk and loses puck.
10:07 of 3rd period - Shot by Carl Grundstrom.
10:07 of 3rd period - Shot Misses the Net.
10:12 of 3rd period - Calle Jarnkrok is hit by Carl Grundstrom and loses puck.
11:13 of 3rd period - Off-side.
11:14 of 3rd period - Jack Eichel wins face-off versus Alex Barre-Boulet in neutral zone.
11:17 of 3rd period - Shot by Aleksi Heponiemi.
11:17 of 3rd period - Stopped by Mitchell Weeks without a rebound.
11:18 of 3rd period - Logan Brown wins face-off versus Evgeni Dadonov in Senators zone.
11:21 of 3rd period - Shot by Josh Bailey.
11:21 of 3rd period - Stopped by Mitchell Weeks without a rebound.
11:22 of 3rd period - Logan Brown wins face-off versus Gerald Mayhew in Senators zone.
11:43 of 3rd period - Shot by Corey Perry.
11:43 of 3rd period - Shot Misses the Net.
12:00 of 3rd period - Minor Penalty to Riley Stillman for Holding.
12:01 of 3rd period - Brady Tkachuk wins face-off versus Jonathan Drouin in Senators zone.
12:35 of 3rd period - Icing by Jeremy Lauzon.
12:36 of 3rd period - Brady Tkachuk wins face-off versus Jonathan Drouin in Jets zone.
12:36 of 3rd period - Minor Penalty to Jeremy Lauzon for Boarding.
12:37 of 3rd period - Brady Tkachuk wins face-off versus William Nylander in Jets zone.
13:04 of 3rd period - Shot by Jason Robertson.
13:04 of 3rd period - Shot Misses the Net.
14:16 of 3rd period - Shot by Riley Stillman.
14:16 of 3rd period - Stopped by Joseph Woll without a rebound.
14:17 of 3rd period - Graeme Clarke wins face-off versus Logan Brown in Jets zone.
14:24 of 3rd period - Shot by Phil Kessel.
14:24 of 3rd period - Shot Misses the Net.
14:26 of 3rd period - Shot by Riley Stillman.
14:26 of 3rd period - Shot Misses the Net.
14:28 of 3rd period - Shot by Calle Jarnkrok.
14:28 of 3rd period - Stopped by Joseph Woll without a rebound.
14:29 of 3rd period - Corey Perry wins face-off versus Logan Brown in Jets zone.
14:30 of 3rd period - Shot by Jason Robertson.
14:30 of 3rd period - Deflect By Brady Tkachuk.
14:30 of 3rd period - Stopped by Joseph Woll without a rebound.
14:31 of 3rd period - Logan Brown wins face-off versus Corey Perry in Jets zone.
14:31 of 3rd period - Logan Brown is hit by Brady Tkachuk.
14:49 of 3rd period - Shot by Evgeni Dadonov.
14:49 of 3rd period - Deflect By Corey Perry.
14:49 of 3rd period - Shot Misses the Net.
14:51 of 3rd period - Shot by Will Butcher.
14:51 of 3rd period - Shot Misses the Net.
14:59 of 3rd period - Shot by Corey Perry.
14:59 of 3rd period - Shot Misses the Net.
15:01 of 3rd period - Shot by Evgeni Dadonov.
15:01 of 3rd period - Deflect By Corey Perry.
15:01 of 3rd period - Shot Misses the Net.
15:03 of 3rd period - Shot by Corey Perry.
15:03 of 3rd period - Stopped by Joseph Woll with a rebound.
15:05 of 3rd period - Shot by Gerald Mayhew.
15:05 of 3rd period - Shot Misses the Net.
16:03 of 3rd period - Corey Perry is hit by Garnet Hathaway and loses puck.
16:33 of 3rd period - Logan Brown is hit by Erik Johnson and loses puck.
16:40 of 3rd period - Shot by Josh Bailey.
16:40 of 3rd period - Stopped by Mitchell Weeks without a rebound.
16:41 of 3rd period - Mikhail Maltsev wins face-off versus Phil Kessel in Senators zone.
16:48 of 3rd period - Shot by Graeme Clarke.
16:48 of 3rd period - Shot Misses the Net.
16:50 of 3rd period - Shot by Zach Whitecloud.
16:50 of 3rd period - Shot Blocked by Philip Broberg.
17:15 of 3rd period - Icing by Arber Xhekaj.
17:16 of 3rd period - Brady Tkachuk wins face-off versus Mikhail Maltsev in Jets zone.
17:16 of 3rd period - Marc Staal is hit by Arber Xhekaj and loses puck.
18:30 of 3rd period - Shot by Travis Dermott.
18:30 of 3rd period - Shot Blocked by Alex Barre-Boulet.
18:32 of 3rd period - Shot by Travis Dermott.
18:32 of 3rd period - Stopped by Mitchell Weeks with a rebound.
18:36 of 3rd period - Shot by Logan Brown.
18:36 of 3rd period - Goal by Logan Brown - Jets : 4 - Senators : 5.
18:37 of 3rd period - Jonathan Drouin wins face-off versus Graeme Clarke in neutral zone.
18:37 of 3rd period - Jonathan Drouin is hit by Graeme Clarke.
19:30 of 3rd period - Shot by Jason Robertson.
19:30 of 3rd period - Shot Misses the Net.
19:32 of 3rd period - Shot by Michael McCarron.
19:32 of 3rd period - Shot Misses the Net.
19:34 of 3rd period - Shot by Evgeni Dadonov.
19:34 of 3rd period - Shot Blocked by Philip Broberg.
19:36 of 3rd period - Shot by Will Butcher.
19:36 of 3rd period - Stopped by Joseph Woll without a rebound.
19:37 of 3rd period - Jack Eichel wins face-off versus Michael McCarron in Jets zone.
Goals for this period are 2 for Jets vs 1 for Senators.
Shots for this period are 9 for Jets vs 11 for Senators.